 Dungeon Crawl Stone Soup version 0.18-a0 (webtiles) character file.

1450 CrazyOwl the Changer (level 8, -1/48 HPs)
             Began as an Octopode Transmuter on Oct 29, 2015.
             Was an Initiate of Sif Muna.
             Slain by a killer bee (10 damage)
             ... on level 7 of the Dungeon on Oct 30, 2015.
             The game lasted 00:34:30 (8737 turns).

CrazyOwl the Changer (Octopode Transmuter)          Turns: 8737, Time: 00:34:30

Health: -1/48      AC:  1    Str:  9    XL:     8   Next: 75%
Magic:  9/14       EV:  8    Int: 16    God:    Sif Muna [......]
Gold:   395        SH:  0    Dex: 16    Spells: 3 memorised, 7 levels left

rFire  . . .     SeeInvis +       - Unarmed
rCold  . . .     Clarity  .     (shield currently unavailable)
rNeg   . . .     SustAt   .     (helmet restricted)
rPois  .         Gourm    .     (no amulet)
rElec  .         Spirit   .     f - ring of see invisible
rCorr  .         Warding  .     h - ring of stealth
rMut   .         Stasis   .     q - +2 ring of dexterity
MR     .....                    m - +2 ring of slaying
Stlth  +++.......               (no ring)
                                (no ring)
                                (no ring)
                                (no ring)

@: lethally poisoned (-1 -> -22), blade tentacles, not resistant to hostile
enchantments, fairly stealthy
A: almost no armour, amphibious, 8 rings, constrict 8, camouflage 1, gelatinous
body 1
a: End Transformation, Renounce Religion


You were on level 7 of the Dungeon.
You worshipped Sif Muna.
Sif Muna was noncommittal.
You were hungry.
You had blades for tentacles.
You visited 2 branches of the dungeon, and saw 8 of its levels.
You also visited: Ossuary.

You collected 395 gold pieces.

Inventory:

Hand Weapons
 l - a +0 hunting sling
Missiles
 a - 86 arrows
 p - 23 sling bullets
Jewellery
 f - a ring of see invisible (left scythe-like blade)
 h - a ring of stealth (right scythe-like blade)
 m - a +2 ring of slaying (on tentacle)
 q - a +2 ring of dexterity (on tentacle)
Wands
 j - a wand of lightning (15)
Scrolls
 g - 3 scrolls of teleportation {unknown}
 i - 4 scrolls of recharging
 n - 2 scrolls of enchant armour {unknown}
 o - a scroll of amnesia {unknown}
 r - a scroll of immolation {unknown}
 s - a scroll of fear {unknown}
 t - 3 scrolls of remove curse
 u - a scroll of enchant weapon {unknown}
 x - 2 scrolls of magic mapping {unknown}
 y - 3 scrolls of identify
Potions
 e - 2 potions of curing
 k - a potion of heal wounds {unknown}
 v - a potion of flight {unknown}
 w - 2 potions of brilliance
Books
 b - a book of Changes

   Spells                             Type                      Level
   a - Beastly Appendage              Transmutation                1
   b - Sticks to Snakes               Transmutation                2
   c - Spider Form                    Transmutation/Poison         3
   d - Ice Form                       Ice/Transmutation            4
   e - Blade Hands                    Transmutation                5
 C - a book of Ice

   Spells                             Type                      Level
   a - Ice Form                       Ice/Transmutation            4
   b - Metabolic Englaciation         Hexes/Ice                    5
   c - Ozocubu's Refrigeration        Ice                          6
   d - Bolt of Cold                   Conjuration/Ice              6
   e - Freezing Cloud                 Conjuration/Ice/Air          6
   f - Simulacrum                     Ice/Necromancy               6
Comestibles
 c - 3 bread rations
 d - 2 meat rations
 z - 2 beef jerkies
 A - 3 fruits


   Skills:
 - Level 1.0 Fighting
 * Level 2.2 Dodging
 - Level 4.2 Unarmed Combat
 + Level 4.6 Spellcasting
 + Level 7.8 Transmutations
 - Level 5.2 Poison Magic


You had 7 spell levels left.
You knew the following spells:

 Your Spells              Type           Power        Failure   Level  Hunger
a - Beastly Appendage     Trmt           ####..       14%         1    None
b - Spider Form           Trmt/Pois      ###.......   28%         3    ###....
c - Blade Hands           Trmt           ####......   58%         5    ######.


Dungeon Overview and Level Annotations

Branches:
Dungeon (7/15)             Temple (1/1) D:6

Altars:
Ashenzari
Gozag
Makhleb
Qazlal
Sif Muna
Vehumet
Xom
Yredelemnul
The Shining One

Annotations:
D:3 Gargoyl's ghost, weakling DsAK; Sigmund
D:5 Geomchi's ghost, novice MiGl


Innate Abilities, Weirdness & Mutations

You cannot wear most types of armour.
You are amphibious.
You can wear up to eight rings at the same time.
You can use your tentacles to constrict eight enemies at once.
Your skin changes colour to match your surroundings (Stealth).
Your rubbery body absorbs attacks (AC +1).


Message History

You miss the killer bee. Your grab misses the killer bee.
You squeeze the killer bee.
You kill the killer bee!
You feel sick. The killer bee misses you.
You barely miss the killer bee. Your grab misses the killer bee.
You feel sick. The killer bee stings you.
You are more poisoned.
The killer bee poisons you! The killer bee stings you!
* * * LOW HITPOINT WARNING * * *
You hit the killer bee. Your grab misses the killer bee.
Your squeeze misses the killer bee.
The killer bee is lightly wounded.
* * * LOW HITPOINT WARNING * * *
You feel sick. The killer bee stings you.
* * * LOW HITPOINT WARNING * * *
You are more poisoned.
The killer bee poisons you! The killer bee misses you.
* * * LOW HITPOINT WARNING * * *
You feel sick. The killer bee stings you!
You die...

###
#@#
#y#
#y#
#.#
#.#
#.#
#.#
#.#


You could see 2 killer bees.

Vanquished Creatures
  An ice beast (D:5)
  A phantom (D:4)
  A sky beast (D:6)
  An elf zombie (Ossuary)
  A scorpion (D:4)
  A killer bee (D:7)
  3 centaur zombies (Ossuary)
  3 crimson imps (D:5)
  2 human zombies (Ossuary)
  An orc priest (D:5)
  3 hounds
  Crazy Yiuf (D:3)
  A giant frog skeleton (D:5)
  3 orc wizards
  Ijyb (D:3)
  A gnoll shaman (D:4)
  2 worker ants (D:6)
  2 big kobold zombies (Ossuary)
  2 hound zombies (Ossuary)
  3 mummies (Ossuary)
  5 gnolls (D:4)
  13 adders
  An ooze (D:2)
  An adder skeleton (D:4)
  4 adder zombies (Ossuary)
  2 worms
  6 giant geckos
  5 orcs
  A ball python (D:1)
  12 bats
  5 giant cockroaches
  2 gnoll zombies (Ossuary)
  12 goblins
  10 hobgoblins
  7 jackals
  10 kobolds
  2 quokkas
  4 giant newts
  4 goblin zombies (Ossuary)
  A hobgoblin zombie (Ossuary)
  5 jackal zombies (Ossuary)
  3 kobold zombies (Ossuary)
  3 quokka zombies (Ossuary)
  10 rats
  4 rat zombies (Ossuary)
166 creatures vanquished.

Notes
Turn   | Place    | Note
--------------------------------------------------------------
     0 | D:1      | CrazyOwl the Octopode Transmuter began the quest for the Orb.
     0 | D:1      | Reached XP level 1. HP: 13/13 MP: 3/3
   126 | D:1      | Reached XP level 2. HP: 18/18 MP: 5/5
   365 | D:1      | Upgraded the game from 0.17-a0-2231-gd80ca38 to 0.18-a0
   577 | D:1      | Reached XP level 3. HP: 21/23 MP: 4/6
  1102 | D:2      | Reached skill level 4 in Unarmed Combat
  1368 | D:2      | Reached XP level 4. HP: 28/28 MP: 5/7
  1380 | D:2      | Learned a level 3 spell: Spider Form
  1650 | D:2      | Found a radiant altar of Vehumet.
  1870 | D:2      | Reached skill level 1 in Poison Magic
  2397 | D:3      | Noticed Crazy Yiuf
  2531 | D:3      | Killed Crazy Yiuf
  2531 | D:3      | Reached XP level 5. HP: 33/33 MP: 5/8
  2707 | D:3      | Noticed Sigmund
  2777 | D:3      | Noticed an ogre
  3114 | D:3      | Noticed Ijyb
  3137 | D:3      | Killed Ijyb
  3225 | D:3      | Noticed Gargoyl's ghost (weakling DsAK)
  3510 | D:4      | Reached XP level 6. HP: 10/38 MP: 3/9
  3802 | D:4      | Noticed a phantom
  4338 | D:4      | Killed a phantom
  4608 | D:4      | Learned a level 5 spell: Blade Hands
  4715 | D:4      | Reached XP level 7. HP: 32/43 MP: 7/10
  5062 | D:5      | Entered Level 5 of the Dungeon
  5070 | D:5      | Found a sand-covered staircase.
  5075 | D:5      | Noticed Geomchi's ghost (novice MiGl)
  5080 | Ossuary  | Entered an ossuary
  5162 | Ossuary  | Reached skill level 5 in Transmutations
  5162 | Ossuary  | Reached skill level 5 in Poison Magic
  6119 | Ossuary  | Reached skill level 6 in Transmutations
  6229 | Ossuary  | Reached XP level 8. HP: 48/48 MP: 10/13
  7106 | D:5      | Reached skill level 7 in Transmutations
  7605 | D:5      | Found a shattered altar of Ashenzari.
  8019 | D:6      | Found a shattered altar of Ashenzari.
  8135 | D:6      | Found a staircase to the Ecumenical Temple.
  8145 | Temple   | Entered the Ecumenical Temple
  8221 | Temple   | Became a worshipper of Sif Muna the Loreminder
  8737 | D:7      | Slain by a killer bee

Vault maps used:
D:1:      shiori_shiawase
D:2:      lemuel_coloured_pillars_altar
D:3:      led_sif_pool, uniq_iyjb, uniq_crazy_yiuf_cottage, uniq_sigmund
D:4:      first_bread
D:5:      kennysheep_little_box, lemuel_doored_altar, gup_sewer_entry_bubbles,
          enter_ossuary_1, kennysheep_generic_room_12
D:6:      minmay_temple_entry_glass, ashenzari_altar_1
D:7:      okawaru_ov_weapons_minmay, grunt_dithmenos_smoke
Temple:   hc_temple_tempest_star
Ossuary:  minmay_ossuary_two_tombs

Action                   |  1- 3 |  4- 6 |  7- 9 || total
-------------------------+-------+-------+-------++-------
Melee: Unarmed           |    80 |   169 |   338 ||   587
 Cast: Beastly Appendage |    15 |    12 |     3 ||    30
       Spider Form       |       |    20 |    32 ||    52
       Blade Hands       |       |       |     5 ||     5
  Use: Scroll            |       |       |     6 ||     6
 Stab: Sleeping          |     4 |     8 |     7 ||    19
  Eat: Chunk             |     2 |    12 |    11 ||    25
       Pizza             |       |     1 |       ||     1
       Bread ration      |       |       |     1 ||     1
       Beef jerky        |       |       |     1 ||     1
       Fruit             |       |       |     1 ||     1
